 Dungeon Crawl Stone Soup version 0.15-a0-773-g3a4c672 (webtiles) character file.

123 4tharraofdagon the Vexing (level 4, -14/30 HPs)
             Began as a Vampire Enchanter on May 13, 2014.
             Demolished by an ogre
             ... wielding a +0,+0 giant club
              (21 damage)
             ... while paralysed by a potion of paralysis
             ... on Level 4 of the Dungeon.
             The game lasted 00:06:53 (965 turns).

4tharraofdagon the Vexing (Vampire Enchanter)        Turns: 965, Time: 00:06:53

HP -14/30        AC  4     Str  7      XL: 4   Next: 80%
MP   2/8         EV  2     Int 17      God:
Gold 64          SH  0     Dex 15      Spells:  4 memorised,  0 levels left

rFire  + . .     SeeInvis +     g - +3,+1 short sword
rCold  . . .     Clarity  .     j - +2 robe {rF+}
rNeg   . . .     Conserve .     (no shield)
rPois  .         rCorr    .     (no helmet)
rElec  .         rRot     .     (no cloak)
SustAb . .       Spirit   .     (no gloves)
rMut   .         Warding  .     (no boots)
Gourm  .         Stasis   .     (no amulet)
MR     .....                    (no ring)
                                (no ring)

@: paralysed, regenerating quickly, not resistant to hostile enchantments,
fairly stealthy
A: fangs 3, see invisible, unbreathing
a: no special abilities


You were on level 4 of the Dungeon.
You were full.

You visited 1 branch of the dungeon, and saw 4 of its levels.

You collected 64 gold pieces.

Inventory:

Hand weapons
 a - a +1,+1 dagger
 g - a +3,+1 short sword (weapon)
 p - a +0 blowgun
Missiles
 d - 25 darts (quivered)
 f - 2 needles of slowing
 q - 17 poisoned needles
Armour
 b - a +1 robe
 j - a +2 robe of fire resistance (worn)
Magical devices
 i - a wand of teleportation (3) {unknown}
Scrolls
 e - a scroll of remove curse
Potions
 k - a potion of curing
Books
 c - a book of Maledictions

   Spells                             Type                      Level
   *Corona                            Hexes                        1
   Sure Blade                         Hexes/Charms                 2
   *Ensorcelled Hibernation           Hexes/Ice                    2
   *Confuse                           Hexes                        3
   Dazzling Spray                     Conjuration/Hexes            3
   Enslavement                        Hexes                        4
 o - a book of Power

   Spells                             Type                      Level
   Fulminant Prism                    Conjuration/Hexes            4
   Iskenderun's Mystic Blast          Conjuration                  4
   Venom Bolt                         Conjuration/Poison           5
   Bolt of Magma                      Conjuration/Fire/Earth       5
   Iron Shot                          Conjuration/Earth            6
   Orb of Destruction                 Conjuration                  7
 s - a Young Poisoner's Handbook

   Spells                             Type                      Level
   Sting                              Conjuration/Poison           1
   *Cure Poison                       Poison                       2
   Mephitic Cloud                     Conjuration/Poison/Air       3
   Olgreb's Toxic Radiance            Poison                       4
   Venom Bolt                         Conjuration/Poison           5


   Skills:
 * Level 3.2 Short Blades
 - Level 0.7 Throwing
 - Level 2.1 Dodging
 + Level 4.4 Stealth
 + Level 2.9 Spellcasting
 + Level 5.1 Hexes


You couldn't memorise any spells.
You knew the following spells:

 Your Spells              Type           Power        Failure   Level  Hunger
a - Corona                Hex            ###....      2%          1    #......
b - Ensorcelled Hibernat  Hex/Ice        ##....       12%         2    ##.....
c - Confuse               Hex            ###.....     10%         3    ###....
d - Cure Poison           Pois           #.........   30%         2    ##.....


Dungeon Overview and Level Annotations

Branches:
Dungeon (4/15)
 Temple: D:4-7

Altars:
Zin


Innate Abilities, Weirdness & Mutations

Your natural rate of healing is unusually fast.
You have razor-sharp teeth.*
You have supernaturally acute eyesight.
You can survive without breathing.*


Message History

Unknown command.
Enter note: rotfl Read which item? (? for menu, Esc to quit)
Okay, then.
Drink which item? (? for menu, Esc to quit)
Okay, then.
Drink which item? (? for menu, Esc to quit)
You suddenly lose the ability to move!
It was a potion of paralysis.
The orc wizard shouts!
The hound skeleton bites you but does no damage.
The hound skeleton bites you. The hound skeleton bites you.
The goblin hits you with a dagger.
The orc hits you from afar with a trident.
* * * LOW HITPOINT WARNING * * *
The hound skeleton bites you.
* * * LOW HITPOINT WARNING * * *
The ogre hits you with a giant club!
Ouch! That really hurt!
You die...

#....................
......................
...=..........###.(...
##..........s# ##...#
###............# #...#
..$............## ##...#
##......o.###....###.....
.......OZ## ##...........
........@# #...........
........g# #...........
......$o. #............
......!...............$.
.......o................
.......................
...o.###.............
.o.# #. ......


You could see an ogre, 2 orc priests, an orc wizard, 2 orcs, a goblin and a
hound skeleton.

Vanquished Creatures
  Jessica (D:2)
  Terence (D:2)
  2 gnolls
  5 adders
  5 bats
  A giant cockroach (D:2)
  2 goblins
  2 hobgoblins (D:3)
  5 giant newts
  10 kobolds
  An orc skeleton (D:4)
  2 rats (D:3)
37 creatures vanquished.

Notes
Turn   | Place    | Note
--------------------------------------------------------------
     0 | D:1      | 4tharraofdagon, the Vampire Enchanter, began the quest for the Orb.
     0 | D:1      | Reached XP level 1. HP: 13/13 MP: 3/3
    96 | D:1      | Reached XP level 2. HP: 2/19 MP: 5/5
   177 | D:2      | Noticed Terence
   192 | D:2      | Killed Terence
   233 | D:2      | Reached XP level 3. HP: 18/24 MP: 4/6
   240 | D:2      | Learned a level 2 spell: Ensorcelled Hibernation
   260 | D:2      | Noticed Jessica
   274 | D:2      | Killed Jessica
   311 | D:2      | Reached XP level 4. HP: 22/30 MP: 2/8
   497 | D:4      | Found a glowing silver altar of Zin.
   538 | D:3      | Learned a level 3 spell: Confuse
   695 | D:3      | HP: 1/30 [gnoll/glowing spear (8)]
   885 | D:4      | Reached skill level 5 in Hexes
   909 | D:4      | Learned a level 2 spell: Cure Poison
   936 | D:4      | Noticed an ogre
   963 | D:4      | rotfl
   963 | D:4      | Paralysed by a potion of paralysis for 4 turns
   965 | D:4      | Demolished by an ogre

Action                   |  1- 3 |  4- 6 || total
-------------------------+-------+-------++-------
Melee: Dagger            |    54 |       ||    54
       Short sword       |    25 |    42 ||    67
 Cast: Corona            |     1 |       ||     1
       Ensorcelled Hiber |     4 |    14 ||    18
  Use: Potion            |     2 |     1 ||     3
       Scroll            |       |     5 ||     5
 Stab: Sleeping          |     8 |     6 ||    14
       Distracted        |       |     1 ||     1

Vault maps used:
D:1:      dpeg_arrival_simpleton_c, patterned_corridor
D:2:      tso_oasis_becter, lemuel_doored_altar, minmay_stone_trees_medium,
          st_stairs_1, kennysheep_generic_room_15, uniq_jessica, uniq_terence
D:4:      lemuel_crystal_altar
